 Dungeon Crawl Stone Soup version 0.30-a0-760-g5a9884bb7c (webtiles) character file.

Game seed: 13746001671788341319

11285 kae the Geomancer (level 11, -1/66 HPs)
             Began as a Gargoyle Earth Elementalist on Feb 10, 2023.
             Was a Priest of Vehumet.
             Slain by a death yak (12 damage)
             ... on level 8 of the Dungeon.
             The game lasted 00:07:38 (9134 turns).

kae the Geomancer (Gargoyle Earth Elementalist)     Turns: 9134, Time: 00:07:39

Health: -1/66      AC: 15    Str: 11    XL:     11   Next: 75%
Magic:  1/23       EV: 11    Int: 21    God:    Vehumet [***...]
Gold:   603        SH:  0    Dex: 10    Spells: 16/26 levels left

rFire   . . .      SeeInvis .    g - +2 whip (venom)
rCold   . . .      Faith    .    (no shield)
rNeg    + . .      Spirit   .    a - +1 robe
rPois   ∞          Reflect  .    (no helmet)
rElec   +          Harm     .    (no cloak)
rCorr   .          Rampage  .    (no gloves)
Will    .....                    (no boots)
Stlth   ++                       (no amulet)
HPRegen 0.31/turn                O - +4 ring of protection
MPRegen 0.18/turn                (no ring)

@: no status effects
A: sickness immunity, AC +8, negative energy resistance 1, electricity
resistance, torment resistance 1, petrification resistance
a: Renounce Religion


You were on level 8 of the Dungeon.
You worshipped Vehumet.
Vehumet was most pleased with you.
You visited 2 branches of the dungeon, and saw 10 of its levels.
You also visited: Bailey.

You collected 603 gold pieces.


Innate Abilities, Weirdness & Mutations

You are immune to sickness and miasma.
Your stone body is resilient. (AC +8)
You are immune to poison.
You resist negative energy. (rN+)
You are resistant to electric shocks. (rElec)
You are resistant to unholy torment.
You are immune to petrification.


   Skills:
 + Level 6.5 Fighting
 - Level 1.5 Dodging
 - Level 2.1 Stealth
 - Level 8.0 Spellcasting
 - Level 13.0 Conjurations
 - Level 0.7 Transmutations
 - Level 13.0 Earth Magic


You had 16 spell levels left.
You knew the following spells:

 Your Spells              Type           Power      Damage    Failure   Level
a - Sandblast             Erth           100%       2d20      1%          1
b - Stone Arrow           Conj/Erth      100%       3d13      1%          3
c - Passwall              Tmut/Erth      30%        N/A       1%          2
d - Petrify               Tmut/Erth      37%        N/A       4%          4

Your spell library contained the following spells:

 Spells                   Type           Power      Damage    Failure   Level
 Hailstorm                Conj/Ice       35%        3d9       1%          3
 Kiss of Death            Conj/Necr      100%       2d13      1%          1
 Shock                    Conj/Air       100%       1d9       1%          1
 Momentum Strike          Conj/Tloc      70%        3d9       1%          2
 Blink                    Tloc           16%        N/A       12%         2
 Lesser Beckoning         Tloc           16%        N/A       12%         2
 Airstrike                Air            4%         2d(1-17)  21%         4
 Confusing Touch          Hex            8%         N/A       24%         3
 Swiftness                Air            8%         N/A       24%         3
 Dispel Undead            Necr           8%         3d8       61%         4

Inventory:

Hand Weapons
 g - a +2 whip of venom (weapon)
   (You took it off a kobold on level 1 of the Dungeon)
Missiles
 d - 2 boomerangs
 e - 139 stones
 p - 15 poisoned darts
Armour
 a - a +1 robe (worn)
Jewellery
 O - a +4 ring of protection (left hand)
   (You found it on level 2 of the Dungeon)
Wands
 c - a wand of charming (5)
   (You took it off Ijyb on level 2 of the Dungeon)
 x - a wand of acid (8)
   (You found it on level 6 of the Dungeon)
Scrolls
 h - a scroll of fear
 i - 2 scrolls of vulnerability {!r!r}
 m - a scroll of silence {!r}
 v - a scroll of amnesia
 w - 5 scrolls of enchant weapon
 z - a scroll of enchant armour
 A - 4 scrolls of summoning
 B - a scroll of fog
 C - a scroll of teleportation {@r4}
 D - a scroll of brand weapon
 E - a scroll of immolation {!r!r}
Potions
 b - a potion of magic
 f - 3 potions of brilliance
 j - 3 potions of heal wounds {@q2}
 k - a potion of might
 l - 8 potions of haste {@q3}
 n - a potion of invisibility
 o - a potion of curing {@q1}
 q - 2 potions of flight
 r - 4 potions of attraction {!q}
 s - a potion of berserk rage {!q}
 t - 4 potions of lignification {!q}
 u - 3 potions of mutation {!q}
Miscellaneous
 F - a phantom mirror
   (You found it on level 8 of the Dungeon)

Dungeon Overview and Level Annotations

Branches:
Dungeon (9/15) Zot: 26524  Temple (1/1) D:4 Zot: 5743  Bailey (visited)
   Lair: D:8-11         Orc: D:9-12

Altars:
Ashenzari
Cheibriados
Dithmenos
Elyvilon
Fedhas
Gozag
Hepliaklqana
Kikubaaqudgha
Makhleb
Nemelex Xobeh
Okawaru
Qazlal
Ru
Sif Muna
Trog
Uskayaw
Vehumet
Wu Jian
Xom
Yredelemnul
Zin
The Shining One

Shops:
D:2 [

Annotations:
D:4 Dowan, Duvessa
D:9 1 runed translucent door, Gastronok; LowRida's ghost, journeyman GnRe

#############.##..#...#..
#................####'#..
#..........##.##.#.'..#..
#.....>....##.######..#..
#..........##.###.#######
#..........##.##..###....
####.#######..##.###.....
#.######..###.###...#.
###....@.#.## #.##...##.
#......Y...# #.....###.
#..........####..######.
#................###<...
#..........###..........
##>...................###
#...........###..##......
##...........###..#..#####
#.................#.##


You could see a death yak.


Message History

You see here a killer bee corpse.
Things that are here:
a death yak corpse; a killer bee corpse; 😎 MP[+1]
Casting: Stone Arrow (safe; 1% risk of failure)
Confirm with . or Enter, or press ? or * to list all spells.
Aiming: Stone Arrow (safe; 1% risk of failure)
Press: ? - help, Shift-Dir - straight line, f - death yak
Aim: a death yak (92% to hit)
The stone arrow hits the death yak! 😎 MP[-3]
You lost 3 mp, and now have 18/23 mp.
Casting: Stone Arrow (safe; 1% risk of failure)
Confirm with . or Enter, or press ? or * to list all spells.
Aiming: Stone Arrow (safe; 1% risk of failure)
Press: ? - help, Shift-Dir - straight line, f/p - death yak
Aim: a death yak (lightly wounded, 92% to hit)
The stone arrow hits the death yak!! 😎 MP[-3]
You lost 3 mp, and now have 15/23 mp.
Casting: Stone Arrow (safe; 1% risk of failure)
Confirm with . or Enter, or press ? or * to list all spells.
Aiming: Stone Arrow (safe; 1% risk of failure)
Press: ? - help, Shift-Dir - straight line, f/p - death yak
Aim: a death yak (heavily wounded, 92% to hit)
The stone arrow hits the death yak!!
The death yak gores you. 😕 HP[-3] MP[-3]
You take 3 damage, and now have 61/64 hp.
You lost 3 mp, and now have 12/23 mp.
Casting: Stone Arrow (safe; 1% risk of failure)
Confirm with . or Enter, or press ? or * to list all spells.
Aiming: Stone Arrow (safe; 1% risk of failure)
Press: ? - help, Shift-Dir - straight line, f/p - death yak
Aim: a death yak (severely wounded, 92% to hit)
The stone arrow hits the death yak!
The death yak barely misses you. 😕 MP[-3]
You lost 3 mp, and now have 9/23 mp.
Casting: Stone Arrow (safe; 1% risk of failure)
Confirm with . or Enter, or press ? or * to list all spells.
Aiming: Stone Arrow (safe; 1% risk of failure)
Press: ? - help, Shift-Dir - straight line, f/p - death yak
Aim: a death yak (almost dead, 92% to hit)
The stone arrow hits the death yak!!
You kill the death yak!
Vehumet accepts your kill.
The death yak bellows!
Your Fighting skill increases to level 6! 😕 HP[+2] MP[-2]
You now have 66 max hp (+2).
You regained 2 hp, and now have 63/66 hp.
You lost 2 mp, and now have 7/23 mp. 😕 HP[+1]
The death yak attacks as you move away! The death yak gores you!
There is a stone staircase leading up here. 😕 HP[-14]
You take 14 damage, and now have 50/66 hp.
MASSIVE DAMAGE!! (PAUSE)
The death yak gores you!
You climb upwards.
There is a stone staircase leading down here. 😮 HP[-12] MP[+1]
You take 12 damage, and now have 38/66 hp.
Unknown command.
Casting: Stone Arrow (safe; 1% risk of failure)
Confirm with . or Enter, or press ? or * to list all spells.
Aiming: Stone Arrow (safe; 1% risk of failure)
Press: ? - help, Shift-Dir - straight line, f - death yak
Aim: a death yak (92% to hit)
The stone arrow hits the death yak!!
The death yak closely misses you. 😮 MP[-3]
You lost 3 mp, and now have 5/23 mp.
Casting: Stone Arrow (safe; 1% risk of failure)
Confirm with . or Enter, or press ? or * to list all spells.
Aiming: Stone Arrow (safe; 1% risk of failure)
Press: ? - help, Shift-Dir - straight line, f/p - death yak
Aim: a death yak (moderately wounded, 92% to hit)
The stone arrow hits the death yak.
The death yak barely misses you. 😮 HP[+1] MP[-3]
You lost 3 mp, and now have 2/23 mp.
Casting: Stone Arrow (safe; 1% risk of failure)
Confirm with . or Enter, or press ? or * to list all spells.
You don't have enough magic to cast this spell.
Casting: Stone Arrow (safe; 1% risk of failure)
Confirm with . or Enter, or press ? or * to list all spells.
Aiming: Sandblast (safe; 1% risk of failure)
Press: ? - help, Shift-Dir - straight line, f/p - death yak
Aim: a death yak (moderately wounded, 95% to hit)
The blast of sand hits the death yak!
The death yak gores you!
* * * LOW HITPOINT WARNING * * *
😨 HP[-10] MP[-1]
You take 10 damage, and now have 29/66 hp.
You lost 1 mp, and now have 1/23 mp.
Casting: Sandblast (safe; 1% risk of failure)
Confirm with . or Enter, or press ? or * to list all spells.
Aiming: Sandblast (safe; 1% risk of failure)
Press: ? - help, Shift-Dir - straight line, f/p - death yak
Aim: a death yak (heavily wounded, 95% to hit)
The blast of sand hits the death yak!
The death yak gores you!!
* * * LOW HITPOINT WARNING * * *
The death yak gores you!
You die...

Skill      XL: |  1  2  3  4  5  6  7  8  9 10 11 |
---------------+----------------------------------+-----
Earth Magic    | 4 5 6 7 8 9 12 13 | 13.0
Spellcasting   | 3 4 5 7 8 |  8.0
Conjurations   | 2 4 6 11 13 | 13.0
Fighting       | 6 |  6.5
Dodging        | |  1.5
Stealth        | |  2.1
Transmutations | |  0.7

Action                     |  1- 3 |  4- 6 |  7- 9 | 10-12 || total
---------------------------+-------+-------+-------+-------++-------
  Melee: Whip              |    37 |    38 |       |       ||    75
   Cast: Sandblast         |    31 |    61 |   120 |    54 ||   266
         Stone Arrow       |       |       |    28 |    65 ||    93
         Petrify           |       |       |       |     2 ||     2
  Evoke: Wand              |       |       |       |     6 ||     6
    Use: Potion            |     4 |       |     1 |     2 ||     7
         Scroll            |       |    11 |     7 |     2 ||    20
   Stab: Sleeping          |     2 |       |       |       ||     2
 Armour: Robe              |     8 |    34 |    27 |    26 ||    95
  Dodge: Dodged            |    30 |    47 |    44 |    34 ||   155

Levels and vault maps discovered:
D:1:      dpeg_arrival_tiny_e, layout_loops_ring,
          hellmonk_ecumenical_altar_inner_sanctum
D:2:      kennysheep_the_goblin_king, layout_loops_corners, serial_shops,
          shop_fountains, serial_forest, infiniplex_forest_straight_3,
          infiniplex_forest_lined_room_3, infiniplex_forest_lined_room_3,
          infiniplex_forest_clump_double, infiniplex_forest_straight_1,
          infiniplex_forest_end_2
D:3:      layout_basic, uniq_terence, uniq_sigmund
D:4:      layout_basic, lemuel_coloured_pillars_altar,
          minmay_temple_entry_wispy, uniq_duvessa
D:5:      wander_river, layout_loops_ring, grunt_decor_clamped
D:6:      layout_loops_cross, roderic_serpentine_path
D:7:      layout_loops_ring
D:8:      minmay_clustersquares, layout_rooms, trog_hazing_becter,
          enter_bailey_5, nicolae_concentric_dashed_squares_wild
D:9:      layout_roguey, dpeg_lair_monsters, gammafunk_ghost_grave,
          nicolae_shop_firing_range, uniq_gastronok
Temple:   nicolae_temple_slightly_damp_pantheon

Notes
Turn   | Place    | Note
-------+----------+-------------------------------------------
     0 | D:1      | kae the Gargoyle Earth Elementalist began the quest for the
                  | Orb.
     0 | D:1      | Reached XP level 1. HP: 10/10 MP: 3/3
     0 | D:1      | magus.rc [v1.11.3]
   193 | D:1      | Reached skill level 4 in Earth Magic
   221 | D:1      | Reached XP level 2. HP: 14/15 MP: 5/5
   645 | D:1      | Found a faded altar of an unknown god.
   735 | D:2      | Reached XP level 3. HP: 19/19 MP: 2/6
   739 | D:2      | Learned a level 3 spell: Stone Arrow
   742 | D:2      | Learned a level 2 spell: Passwall
  1052 | D:2      | Reached skill level 5 in Earth Magic
  1177 | D:2      | Noticed Ijyb
  1217 | D:2      | Killed Ijyb
  1218 | D:2      | Reached XP level 4. HP: 14/24 MP: 1/8
  1395 | D:2      | You pick up a book of Spatial Translocations and begin
                  | reading...
  1395 | D:2      | You add the spells Blink, Momentum Strike and Lesser
                  | Beckoning to your library.
  1710 | D:2      | Found Discherpha's Armour Emporium.
  1993 | D:3      | Noticed Sigmund
  1999 | D:3      | Killed Sigmund
  2000 | D:3      | Reached skill level 3 in Spellcasting
  2000 | D:3      | Reached skill level 6 in Earth Magic
  2000 | D:3      | Reached XP level 5. HP: 23/28 MP: 3/10
  2000 | D:3      | Reached XP level 6. HP: 26/32 MP: 3/11
  2064 | D:3      | You pick up a book of Air and begin reading...
  2064 | D:3      | You add the spells Shock, Swiftness and Airstrike to your
                  | library.
  2146 | D:3      | Noticed Terence
  2156 | D:3      | Killed Terence
  2157 | D:3      | Reached skill level 7 in Earth Magic
  2617 | D:3      | Learned a level 4 spell: Petrify
  2780 | D:4      | Reached skill level 1 in Conjurations
  3006 | D:4      | Noticed Dowan
  3012 | D:4      | Found a staircase to the Ecumenical Temple.
  3023 | Temple   | Entered the Ecumenical Temple
  3260 | Temple   | Became a worshipper of Vehumet
  3287 | D:4      | Reached skill level 2 in Conjurations
  3476 | D:4      | Noticed Duvessa
  3593 | D:4      | Reached XP level 7. HP: 36/36 MP: 8/12
  3670 | D:4      | Found a stormy altar of Qazlal.
  3750 | D:5      | Entered Level 5 of the Dungeon
  3831 | D:5      | Reached skill level 4 in Spellcasting
  3856 | D:5      | Reached skill level 3 in Conjurations
  3950 | D:5      | Reached skill level 8 in Earth Magic
  4072 | D:5      | Reached skill level 4 in Conjurations
  4280 | D:5      | Reached XP level 8. HP: 38/41 MP: 4/14
  4366 | D:5      | Reached * piety under Vehumet
  4366 | D:5      | Offered knowledge of Magic Dart by Vehumet.
  4487 | D:5      | Reached skill level 9 in Earth Magic
  4563 | D:5      | Reached skill level 5 in Conjurations
  4976 | D:6      | Reached skill level 5 in Spellcasting
  5274 | D:6      | Reached skill level 6 in Conjurations
  5345 | D:6      | Reached XP level 9. HP: 45/45 MP: 10/16
  5349 | D:6      | Reached skill level 10 in Earth Magic
  5594 | D:6      | Reached skill level 7 in Conjurations
  5926 | D:7      | Reached ** piety under Vehumet
  6018 | D:7      | Offered knowledge of Scorch by Vehumet.
  6254 | D:7      | Reached skill level 11 in Earth Magic
  6638 | D:7      | You pick up a book of Touch and begin reading...
  6638 | D:7      | You add the spells Kiss of Death, Confusing Touch and
                  | Dispel Undead to your library.
  6822 | D:8      | Found a flagged portal.
  6836 | Bailey   | Entered a bailey
  6858 | Bailey   | Reached skill level 6 in Spellcasting
  6858 | Bailey   | Reached skill level 8 in Conjurations
  7114 | Bailey   | Reached skill level 7 in Spellcasting
  7114 | Bailey   | Reached skill level 11 in Conjurations
  7114 | Bailey   | Reached skill level 12 in Earth Magic
  7114 | Bailey   | Reached XP level 10. HP: 50/50 MP: 18/21
  7136 | Bailey   | Noticed an orc knight
  7243 | Bailey   | Offered knowledge of Static Discharge by Vehumet.
  7290 | Bailey   | Killed an orc knight
  7291 | Bailey   | Reached skill level 13 in Earth Magic
  7291 | Bailey   | Reached XP level 11. HP: 54/54 MP: 18/22
  7409 | Bailey   | Identified a +0 crystal plate armour
  7409 | Bailey   | Noticed an orc knight
  7456 | Bailey   | HP: 11/54 [orc knight/+0 glaive (4)]
  7457 | Bailey   | Killed an orc knight
  7458 | Bailey   | Reached skill level 8 in Spellcasting
  7458 | Bailey   | Reached skill level 12 in Conjurations
  7636 | Bailey   | Noticed an orc knight
  7645 | Bailey   | Killed an orc knight
  7835 | D:8      | Reached *** piety under Vehumet
  8205 | D:8      | Found a bloodstained altar of Trog.
  8345 | D:8      | Reached skill level 13 in Conjurations
  8378 | D:8      | Reached skill level 1 in Fighting
  8388 | D:8      | Reached skill level 2 in Fighting
  8394 | D:8      | Reached skill level 3 in Fighting
  8395 | D:8      | Offered knowledge of Hailstorm by Vehumet.
  8627 | D:8      | Reached skill level 4 in Fighting
  8738 | D:9      | Found a runed translucent door.
  8738 | D:9      | Noticed LowRida's ghost (journeyman GnRe)
  8978 | D:9      | Noticed a death yak
  8978 | D:9      | Noticed Gastronok
  8995 | D:9      | Killed a death yak
  8996 | D:9      | Reached skill level 5 in Fighting
  9111 | D:9      | Noticed a death yak
  9112 | D:9      | Noticed a death yak
  9112 | D:9      | Noticed a death yak
  9112 | D:9      | Noticed a death yak
  9113 | D:9      | Noticed a death yak
  9124 | D:9      | Killed a death yak
  9125 | D:9      | Reached skill level 6 in Fighting
  9134 | D:8      | HP: 11/66 [death yak (19)]
  9134 | D:8      | Slain by a death yak

Vanquished Creatures
  2 death yaks (D:9)
  3 orc knights (Bailey)
  A troll (D:9)
  A slime creature (D:8)
  Sigmund (D:3)
  A yak (D:8)
  2 wyverns (D:8)
  A wyvern (shapeshifter) (D:8)
  2 water moccasins
  7 orc warriors
  3 black bears
  5 ice beasts
  2 sky beasts (D:6)
  4 centaurs (D:8)
  2 ogres
  2 phantoms (D:5)
  A necrophage (D:7)
  3 bullfrogs (D:8)
  4 scorpions
  10 wights
  12 killer bees
  A howler monkey (D:5)
  2 jellies (D:5)
  7 hounds
  An orc priest (D:8)
  5 iguanas
  Ijyb (D:2)
  Terence (D:3)
  2 orc wizards
  3 gnolls (D:6)
  4 adders
  A shadow imp (D:7)
  2 white imps (D:5)
  4 worms
  4 dart slugs
  32 orcs
  6 bats
  5 endoplasms
  A giant cockroach (D:2)
  17 goblins
  7 hobgoblins
  8 jackals
  5 quokkas
  2 ball pythons
  5 frilled lizards
  8 kobolds
  5 rats
208 creatures vanquished.

Vanquished Creatures (others)
  A plant (D:2)
  2 withered plants (D:9)
3 creatures vanquished.

Grand Total: 211 creatures vanquished

Table legend:
 A = Non-vault XP
 B = Vault XP
 C = Vault XP percentage of total XP
 D = Non-vault monster count
 E = Vault monster count
 F = Vault count percentage of total count
                 A         B        C        D         E       F
            +---------+---------+-------+---------+---------+-------
      Total |    5530 |    6255 |  53.1 |     146 |      62 |  29.8
            +---------+---------+-------+---------+---------+-------
        D:1 |      26 |       0 |   0.0 |      16 |       0 |   0.0
        D:2 |      48 |      48 |  50.0 |      19 |       7 |  26.9
        D:3 |      36 |     262 |  87.9 |      15 |       2 |  11.8
        D:4 |     233 |       0 |   0.0 |      16 |       0 |   0.0
        D:5 |    1054 |       0 |   0.0 |      22 |       0 |   0.0
        D:6 |    1419 |       0 |   0.0 |      24 |       0 |   0.0
        D:7 |     850 |       0 |   0.0 |      13 |       0 |   0.0
        D:8 |    1324 |    1716 |  56.4 |      14 |      23 |  62.2
        D:9 |     540 |    1636 |  75.2 |       7 |       2 |  22.2
     Bailey |       0 |    2593 | 100.0 |       0 |      28 | 100.0
            +---------+---------+-------+---------+---------+-------

Illustrated notes

Table legend:
 A = Kills in this place as a percentage of kills in entire the game.
 B = Kills by you in this place as a percentage of kills by you in the entire game.
 C = Kills by friends in this place as a percentage of kills by friends in the entire game.
 D = Other kills in this place as a percentage of other kills in the entire game.
 E = Experience gained in this place as a percentage of experience gained in the entire game.
 F = Experience gained in this place divided by the number of levels of this place that you have seen.
                   A       B       C       D       E      F
               +-------+-------+-------+-------+-------+----------------------
         Total | 100.0 | 100.0 |   N/A |   N/A | 100.0 | 1071.4
       Dungeon |  86.5 |  86.5 |   N/A |   N/A |  78.0 | 1021.3
        Bailey |  13.5 |  13.5 |   N/A |   N/A |  22.0 | 2593.0
               +-------+-------+-------+-------+-------+----------------------

Table legend: (Time is in decaauts)
 A = Elapsed time spent in this place.
 B = Non-inter-level travel time spent in this place.
 C = Inter-level travel time spent in this place.
 D = Time resting spent in this place.
 E = Time spent auto-exploring this place.
 F = Levels seen in this place.
 G = Mean time per level.
                   A        B        C        D        E       F      G
               +--------+--------+--------+--------+--------+-----+--------+
         Total |   9270 |   9027 |    243 |    252 |   7472 |  11 |  842.7 |
       Dungeon |   8145 |   7956 |    189 |    172 |   6773 |   9 |  905.0 |
        Temple |    256 |    202 |     54 |      0 |    181 |   1 |  256.0 |
        Bailey |    868 |    868 |      0 |     80 |    518 |   1 |  868.0 |
               +--------+--------+--------+--------+--------+-----+--------+

Top non-repeatable levels by time:
     D:2: 1269 daAuts
     D:5: 1175 daAuts
     D:8: 1027 daAuts
     D:6: 980 daAuts
     D:7: 967 daAuts
  Bailey: 868 daAuts
     D:4: 781 daAuts
     D:3: 758 daAuts
     D:1: 716 daAuts
     D:9: 468 daAuts
  Temple: 256 daAuts
